 Dungeon Crawl Stone Soup version bcrawl-1.23 (webtiles) character file.

Game seed: 17707445873867278974

23 Morbidden the Sneak (level 2, -5/25 HPs)
             Began as a Draconian Sloth Apostle on May 30, 2020.
             Was an Initiate of Cheibriados.
             Slain by a hobgoblin
             ... wielding a +0 club
              (6 damage)
             ... on level 2 of the Dungeon.
             The game lasted 00:01:17 (1258 turns).

Morbidden the Sneak (Draconian Sloth Apostle)       Turns: 1258, Time: 00:01:17

Health: -5/25      AC:  4    Str: 15    XL:     2   Next: 72%
Magic:  3/3        EV: 11    Int: 13    God:    Cheibriados [......]
Gold:   64         SH:  0    Dex: 11    Spells: 2/3 levels left

rFire    . . .     SeeInvis +     - Unarmed
rCold    . . .     Gourm    .   (no shield)
rNeg     . . .     Faith    .   (armour unavailable)
rPois    .         Spirit   .   (helmet restricted)
rElec    .         Reflect  .   (no cloak)
rCorr    +         Harm     .   (no gloves)
MR       .....                  (no boots)
Stlth    ++........             (no amulet)
HPRegen  0.08/turn              c - ring of see invisible
MPRegen  0.08/turn              f - ring of resist corrosion

@: very slow
A: unfitting armour, cold-blooded, AC +4
a: Bend Time, Renounce Religion


You were on level 2 of the Dungeon.
You worshipped Cheibriados.
Cheibriados was noncommittal.
You were not hungry.

You visited 1 branch of the dungeon, and saw 2 of its levels.

You collected 64 gold pieces.

Inventory:

Jewellery
 c - a ring of see invisible (left hand)
 f - a ring of resist corrosion (right hand)
Wands
 b - a wand of paralysis (10)
Scrolls
 a - a scroll of enchant armour {unknown}
 d - 3 scrolls of identify {unknown}
 g - 2 scrolls of blinking {unknown}
Comestibles
 e - 3 rations {!d}
 h - a chunk of flesh


   Skills:
 * Level 2.8 Fighting
 + Level 3.1 Stealth
   Level 2.0 Shields
 * Level 2.3 Unarmed Combat
 + Level 1.0 Spellcasting
 + Level 0.8 Hexes
 * Level 1.1 Invocations
 + Level 1.0 Evocations


You had 2 spell levels left.
You knew the following spells:

 Your Spells              Type           Power        Failure   Level  Hunger
a - Slow                  Hex            #.......     21%         1    ##.....
Your spell library was empty.

Dungeon Overview and Level Annotations

Branches:
Dungeon (2/12)

Altars:


Innate Abilities, Weirdness & Mutations

Your plain brown scales are hard. (AC +4)
You cannot fit into any form of body armour.
You are cold-blooded and may be slowed by cold attacks.


Message History

The hobgoblin closely misses you.
You hit the hobgoblin.
The hobgoblin is severely wounded.
The hobgoblin hits you but does no damage.
You barely miss the hobgoblin.
The hobgoblin is severely wounded.
The hobgoblin barely misses you.
You closely miss the hobgoblin.
The hobgoblin is severely wounded.
The hobgoblin hits you but does no damage.
The worm bites you! The kobold closely misses you.
You are too injured to fight recklessly!
The hobgoblin hits you with a +0 club. The kobold hits you with a +0 whip.
* * * LOW HITPOINT WARNING * * *
The hobgoblin hits you with a +0 club.
* * * LOW HITPOINT WARNING * * *
The kobold hits you but does no damage. The hobgoblin hits you with a +0 club.
You die...

###. #####....
#......#
#......##
#........
##........
########....#..
#@g..w........#
#.K........####
#..........#
#..........#
############


You could see a worm, a hobgoblin and a kobold.

Vanquished Creatures
  A dart slug (D:1)
  3 leopard geckos (D:1)
  2 giant cockroaches (D:1)
  A hobgoblin (D:1)
  A bat (D:1)
  A frilled lizard (D:1)
  4 goblins (D:1)
  2 kobolds (D:1)
  3 rats
18 creatures vanquished.

Notes
Turn   | Place    | Note
-------+----------+-------------------------------------------
     0 | D:1      | Morbidden the Draconian Sloth Apostle began the quest for
                  | the Orb.
     0 | D:1      | Reached XP level 1. HP: 17/17 MP: 2/2
   696 | D:1      | Reached skill level 1 in Invocations
   696 | D:1      | Reached XP level 2. HP: 24/25 MP: 3/3
  1255 | D:2      | HP: 1/25 [hobgoblin/+0 club (6)]
  1258 | D:2      | Slain by a hobgoblin

Skill      XL: |  1 |
---------------+----+-----
Invocations    | 1 |  1.1
Fighting       | |  2.8
Stealth        | |  3.1
Shields        | |  2.0
Unarmed Combat | |  2.3
Spellcasting   | |  1.0
Hexes          | |  0.8
Evocations     | |  1.0

Action                   || total
-------------------------++-------
Melee: Unarmed           ||    75
       Tailslap          ||     6
       Punch             ||     1
 Stab: Sleeping          ||     1
  Eat: Chunk             ||     2
Armor: Skin              ||    34
Dodge: Dodged            ||    56
